 Dungeon Crawl Stone Soup version 0.20-a0-1111-g4e342e6 (webtiles) character file.

157 Kriby the Insei (level 5, -4/42 HPs)
             Began as a Human Monk on May 6, 2017.
             Slain by a gnoll
             ... wielding a +0 flail
              (7 damage)
             ... on level 3 of the Dungeon.
             The game lasted 00:03:52 (3894 turns).

Kriby the Insei (Human Monk)                        Turns: 3894, Time: 00:03:52

Health: -4/42      AC:  8    Str: 12    XL:     5   Next: 66%
Magic:  5/5        EV: 11    Int: 10    God:
Gold:   55         SH:  4    Dex: 16    Spells: 4/4 levels left

rFire    . . .     SeeInvis .     - Unarmed
rCold    . . .     Gourm    .   l - +0 buckler
rNeg     . . .     Faith    .   j - +0 ring mail (curse)
rPois    .         Spirit   .   g - +2 helmet
rElec    .         Reflect  .   (no cloak)
rCorr    .         Harm     .   (no gloves)
MR       .....                  (no boots)
Stlth    +.........             (no amulet)
Regen    0.2/turn               (no ring)
MPRegen  0.1/turn               (no ring)

@: no status effects
A: no striking features
a: no special abilities


You were on level 3 of the Dungeon.
You were not hungry.

You visited 1 branch of the dungeon, and saw 3 of its levels.

You collected 55 gold pieces.

Inventory:

Armour
 a - a +0 robe
 g - a +2 helmet (worn)
 j - a cursed +0 ring mail (worn)
 l - a +0 buckler (worn)
Jewellery
 s - an uncursed ring of ice
Scrolls
 c - a scroll of immolation {unknown}
 e - a scroll of blinking {unknown}
 h - 2 scrolls of identify {unknown}
 m - a scroll of magic mapping {unknown}
 n - a scroll of enchant weapon {unknown}
 v - a scroll of fear {unknown}
 w - a scroll of teleportation {unknown}
Potions
 d - a potion of magic {unknown}
 k - 3 potions of curing
 p - a potion of lignification {unknown}
 q - a potion of ambrosia {unknown}
 r - a potion of might {unknown}
 t - a potion of haste {unknown}
 u - a potion of mutation {unknown}
Comestibles
 b - 5 bread rations
 f - 2 royal jellies
 i - 5 chunks of flesh
 o - 3 fruits
 x - a meat ration


   Skills:
 + Level 3.9 Fighting
 - Level 3.0 Dodging
 - Level 2.0 Stealth
 + Level 2.0 Shields
 * Level 4.8 Unarmed Combat


You had 4 spell levels left.
You didn't know any spells.

Dungeon Overview and Level Annotations

Branches:
Dungeon (3/15)

Altars:
Ashenzari
Dithmenos
Fedhas
Okawaru
Trog
Wu Jian
Xom


Message History

The gnoll hits you.
You hit the gnoll.
You kill the gnoll!
You hit the gnoll.
The gnoll is lightly wounded.
You hit the gnoll but do no damage.
The gnoll is lightly wounded.
The gnoll barely misses you.
You barely miss the gnoll.
The gnoll is lightly wounded.
The gnoll hits you with a flail!
* * * LOW HITPOINT WARNING * * *
You hit the gnoll.
The gnoll is moderately wounded.
The gnoll hits you with a flail.
* * * LOW HITPOINT WARNING * * *
You hit the gnoll.
The gnoll is moderately wounded.
The gnoll hits you with a flail!
You die...

..... . ... .....#..####.........
..#......#. #.##.#..##........(..
..#.##.#.#.##.......##...........
....##.#.#.##.......##...........
..#.............................[
.................................
..#..#.#.........)...............
..#...........##g#.########..###.
............####@#.# #..........
#.#..#.#....####.#.########..#...
.................................
#.#..###....####.#.########..#...
.........................##..#.#.
#....#...........................
#....#.###.#####.#..<###.##......
.....#.###.##....#)..###.##.#....
.....#.#.#.#.....................


You could see a gnoll.

Vanquished Creatures
  5 gnolls
  4 adders
  An ooze (D:1)
  3 worms
  A dart slug (D:1)
  An orc (D:3)
  2 giant cockroaches (D:1)
  6 goblins
  3 hobgoblins
  3 jackals (D:1)
  3 quokkas
  10 bats
  A frilled lizard (D:2)
  8 kobolds
  11 rats
62 creatures vanquished.

Notes
Turn   | Place    | Note
-------+----------+-------------------------------------------
     0 | D:1      | Kriby the Human Monk began the quest for the Orb.
     0 | D:1      | Reached XP level 1. HP: 18/18 MP: 1/1
   519 | D:1      | Reached XP level 2. HP: 18/24 MP: 2/2
   971 | D:1      | Reached XP level 3. HP: 29/29 MP: 3/3
  1434 | D:2      | Found a blossoming altar of Fedhas.
  1436 | D:2      | Found a shimmering altar of Xom.
  1441 | D:2      | Found an iron altar of Okawaru.
  1443 | D:2      | Found a shadowy altar of Dithmenos.
  1443 | D:2      | Found a shattered altar of Ashenzari.
  1562 | D:2      | Reached skill level 4 in Unarmed Combat
  1757 | D:2      | Found an ornate altar of the Wu Jian Council.
  1822 | D:2      | Reached skill level 1 in Shields
  1881 | D:2      | Reached XP level 4. HP: 29/35 MP: 4/4
  2251 | D:2      | Noticed a moth of wrath
  2254 | D:2      | Found a bloodstained altar of Trog.
  3105 | D:2      | Reached XP level 5. HP: 24/42 MP: 5/5
  3894 | D:3      | Slain by a gnoll

Vault maps used:
D:1:      matt_arrival_refuge
D:2:      lemuel_crystal_altar, grunt_temple_overflow_open, tgw_trog,
          first_bread
D:3:      nicolae_ru_awakened_eye

Skill      XL: |  1  2  3  4  5 |
---------------+----------------+-----
Unarmed Combat | 4 |  4.8
Shields        | 1 2 |  2.0
Fighting       | |  3.9
Dodging        | |  3.0
Stealth        | |  2.0

Action                   |  1- 3 |  4- 6 || total
-------------------------+-------+-------++-------
Melee: Unarmed           |   151 |   217 ||   368
       Punch             |     3 |       ||     3
  Use: Potion            |       |     1 ||     1
 Stab: Sleeping          |     5 |     1 ||     6
  Eat: Chunk             |     3 |     7 ||    10
Armor: Robe              |    14 |       ||    14
       Ring mail         |    43 |    88 ||   131
Dodge: Dodged            |    91 |   119 ||   210
Block: Buckler           |    14 |    31 ||    45
